 Dungeon Sprint DCSS version 0.23.2-1-ga50397a6bc (webtiles) character file.

Game seed: 8986472071085968588

981 Kobolds4U the Carver (level 7, -4/99 HPs)
             Began as a Demonspawn Berserker on May 21, 2019.
             Was a Priest of Trog.
             Slain by an iron imp (7 damage)
             ... summoned by a kobold demonologist
             ... in the Dungeon (Sprint I: "Red Sonja").
             The game lasted 00:03:29 (889 turns).

Kobolds4U the Carver (Demonspawn Berserker)          Turns: 889, Time: 00:03:30

Health: -4/99      AC: -4    Str: 23      XL:     7   Next: 96%
Magic:  0/7        EV: 14    Int:  8      God:    Trog [***...]
Gold:   435        SH:  0    Dex: 13 (14) Spells: 6/6 levels left

rFire    . . .     SeeInvis .   a - +0 falchion
rCold    . . .     Gourm    .   (no shield)
rNeg     . . .     Faith    .   j - +2 ring mail {rPois}
rPois    +         Spirit   +   (no helmet)
rElec    .         Reflect  .   (no cloak)
rCorr    .         Harm     .   (no gloves)
MR       .....     NoTele   +   (no boots)
Stlth    ..........             (no amulet)
HPRegen  1.26/turn              (no ring)
MPRegen  0.10/turn              (no ring)

@: berserking (expiring), corroded, very slightly contaminated, hasted, very
quick
A: repulsion field 2, powered by death 1, magic shield
a: Berserk, Trog's Hand, Renounce Religion


You were in the Dungeon.
You worshipped Trog.
Trog was most pleased with you.
You were very hungry.

You visited 1 branch You collected 435 gold pieces.

Inventory:

Hand Weapons
 a - a +0 falchion (weapon)
Armour
 b - a +2 robe of fire resistance
 j - a +2 ring mail of poison resistance (worn)
Potions
 g - 2 potions of magic


   Skills:
 + Level 10.0 Fighting
 * Level 13.2 Long Blades
 - Level 1.7 Armour
 - Level 1.7 Dodging


You had 6 spell levels left.
You didn't know any spells.
Your spell library was empty.

Dungeon Overview and Level Annotations

Branches:
Dungeon (1/1)

Altars:
Cheibriados
Dithmenos
Elyvilon
Fedhas
Gozag
Hepliaklqana
Kikubaaqudgha
Makhleb
Nemelex Xobeh
Okawaru
Qazlal
Ru
Sif Muna
Trog
Uskayaw
Vehumet
Wu Jian
Xom
Yredelemnul
Zin
The Shining One
Jiyva
Lugonu

Shops:
D (


Innate Abilities, Weirdness & Mutations

You are surrounded by a moderate repulsion field. (EV +3)
You regenerate a little health from kills.
When hurt, damage is shared between your health and your magic reserves.


Message History

The kobold demonologist closely misses you.
You hit the kobold demonologist but do no damage.
The kobold demonologist is heavily wounded.
You hit the kobold demonologist but do no damage.
The kobold demonologist is heavily wounded.
The kobold demonologist hits you with a +0 dagger.
* * * LOW HITPOINT WARNING * * *
The kobold demonologist gestures wildly while chanting.
The iron imp grinds its teeth.
You slice the kobold demonologist!!
You kill the kobold demonologist!
Trog accepts your kill.
Trog appreciates your killing of a magic user.
The shadow imp disappears in a puff of smoke!
The ufetubus disappears in a puff of smoke!
You feel your dexterity returning.
Your Fighting skill increases to level 10!
Your Long Blades skill increases to level 13!
The iron imp hits you!
You die...

#######################
#<.#.5@44#.)'5.#__#5.45
#..'.)#K.§..#§.'..'.K#.
#..#####§#####'#__####.
#..####.4#...#.#### #
#..#__####..##.#
#..#_____##'#_.+
#⌠⌠#_.∩...'..._#
####_..__##_.#'#
#_____###+#.#


You could see a hellwing, an ice devil, a kobold demonologist, a red devil and
an iron imp.

Vanquished Creatures
  A kobold demonologist (D)
  A slime creature (D)
  Sigmund (D)
  A yak (D)
  A floating eye (D)
  An ogre (D)
  A jelly (D)
  Ijyb (D)
8 creatures vanquished.

Notes
Turn   | Place    | Note
-------+----------+-------------------------------------------
     0 | D        | Kobolds4U the Demonspawn Berserker began the quest for the
                  | Orb.
     0 | D        | Reached XP level 1. HP: 18/18 MP: 1/1
     1 | D        | Noticed Ijyb
    20 | D        | Killed Ijyb
    20 | D        | Reached skill level 5 in Long Blades
    20 | D        | Gained mutation: You are surrounded by a mild repulsion
                  | field. (EV +2) [demonic ancestry]
    20 | D        | Reached XP level 2. HP: 19/24 MP: 2/2
   145 | D        | Noticed an ogre
   148 | D        | Killed an ogre
   148 | D        | Reached skill level 5 in Fighting
   148 | D        | Reached skill level 8 in Long Blades
   148 | D        | Reached XP level 3. HP: 33/33 MP: 3/3
   148 | D        | Gained mutation: When hurt, damage is shared between your
                  | health and your magic reserves. [demonic ancestry]
   148 | D        | Reached XP level 4. HP: 39/39 MP: 4/4
   202 | D        | Noticed Sigmund
   212 | D        | Killed Sigmund
   212 | D        | Reached ** piety under Trog
   212 | D        | Reached skill level 10 in Long Blades
   212 | D        | Reached XP level 5. HP: 41/48 MP: 2/5
   212 | D        | Gained mutation: You regenerate a little health from kills.
                  | [demonic ancestry]
   212 | D        | Reached XP level 6. HP: 46/55 MP: 2/6
   256 | D        | Found an ornate altar of the Wu Jian Council.
   256 | D        | Found a deep blue altar of Sif Muna.
   334 | D        | Found a radiant altar of Vehumet.
   400 | D        | Found Asat's Weapon Emporium.
   400 | D        | Found an ancient bone altar of Kikubaaqudgha.
   400 | D        | Found a hazy altar of Hepliaklqana.
   400 | D        | Found a stormy altar of Qazlal.
   400 | D        | Found a hide-covered altar of Uskayaw.
   400 | D        | Found a blossoming altar of Fedhas.
   400 | D        | Found a bloodstained altar of Trog.
   400 | D        | Found an iron altar of Okawaru.
   400 | D        | Found a basalt altar of Yredelemnul.
   400 | D        | Found a glowing golden altar of the Shining One.
   400 | D        | Found a snail-covered altar of Cheibriados.
   400 | D        | Found a sacrificial altar of Ru.
   400 | D        | Found a glowing silver altar of Zin.
   400 | D        | Found a shadowy altar of Dithmenos.
   400 | D        | Found a white marble altar of Elyvilon.
   400 | D        | Noticed a yak
   413 | D        | Killed a yak
   413 | D        | Reached skill level 11 in Long Blades
   414 | D        | Found an opulent altar of Gozag.
   415 | D        | Found a sparkling altar of Nemelex Xobeh.
   479 | D        | Found a viscous altar of Jiyva.
   479 | D        | Found a corrupted altar of Lugonu.
   479 | D        | Noticed a slime creature
   480 | D        | Found a burning altar of Makhleb.
   480 | D        | Found a shimmering altar of Xom.
   485 | D        | HP: 2/84 [slime creature (13)]
   488 | D        | Killed a slime creature
   488 | D        | Reached *** piety under Trog
   488 | D        | Reached skill level 12 in Long Blades
   488 | D        | Gained mutation: You are surrounded by a moderate repulsion
                  | field. (EV +3) [demonic ancestry]
   488 | D        | Reached XP level 7. HP: 3/64 MP: 0/7
   796 | D        | Noticed a kobold demonologist
   797 | D        | Noticed a kobold demonologist
   798 | D        | Noticed an ice devil
   798 | D        | Paralysed by a floating eye for 3 turns
   799 | D        | Noticed a sixfirhy
   799 | D        | Noticed a sun demon
   800 | D        | Noticed a hellwing
   808 | D        | Noticed a rust devil
   824 | D        | Noticed a rust devil
   841 | D        | Noticed an orange demon
   849 | D        | Noticed a rust devil
   871 | D        | HP: 3/64 [quasit[a kobold demonologist] (1)]
   872 | D        | Noticed a hellwing
   880 | D        | Noticed an ice devil
   881 | D        | HP: 3/96 [kobold demonologist/+0 dagger (2)]
   888 | D        | HP: 2/96 [kobold demonologist/+0 dagger (2)]
   889 | D        | Noticed a red devil
   889 | D        | Killed a kobold demonologist
   889 | D        | Reached skill level 10 in Fighting
   889 | D        | Reached skill level 13 in Long Blades
   889 | D        | Slain by an iron imp

Skill      XL: |  1  2  3  4  5  6  7 |
---------------+----------------------+-----
Long Blades    | 5 8 10 12 13 | 13.2
Fighting       | 5 7 9 10 | 10.0
Armour         | |  1.7
Dodging        | |  1.7

Action                   |  1- 3 |  4- 6 |  7- 9 || total
-------------------------+-------+-------+-------++-------
Melee: Falchion          |    18 |    34 |    66 ||   118
Invok: Berserk           |     2 |     2 |     1 ||     5
       Trog's Hand       |       |       |     1 ||     1
  Use: Potion            |       |       |     4 ||     4
       Scroll            |       |       |     2 ||     2
  Eat: Ration            |       |     1 |       ||     1
Armor: Animal skin       |     1 |       |       ||     1
       Ring mail         |       |     5 |     1 ||     6
Dodge: Dodged            |     5 |    10 |    34 ||    49
       Rpst.: Falchion   |     2 |     4 |     6 ||    12
